 Dungeon Crawl Stone Soup version 0.29-a0-721-g7f417c9bbb (webtiles) character file.

Game seed: 714986603868994136

1 gobodom the Grave Robber (level 1, -1/13 HPs)
             Began as a Demonspawn Necromancer on June 28, 2022.
             Slain by a kobold
             ... wielding a +0 short sword
              (3 damage)
             ... on level 1 of the Dungeon.
             The game lasted 00:01:13 (130 turns).

gobodom the Grave Robber (Demonspawn Necromancer)    Turns: 130, Time: 00:01:14

Health: -1/13      AC:  2    Str:  8    XL:     1   Next: 16%
Magic:  0/3        EV: 12    Int: 16    God:
Gold:   5          SH:  0    Dex: 13    Spells: 3/4 levels left

rFire   . . .      SeeInvis .   e - +0 dagger
rCold   . . .      Faith    .   (no shield)
rNeg    . . .      Spirit   .   a - +0 robe
rPois   .          Reflect  .   (no helmet)
rElec   .          Harm     .   c - scarf {repulsion}
rCorr   .          Rampage  .   (no gloves)
Will    .....                   (no boots)
Stlth   ++........              (no amulet)
HPRegen 0.04/turn               (no ring)
MPRegen 0.08/turn               (no ring)

@: repel missiles
A: no striking features
a: no special abilities


You were on level 1 of the Dungeon.
You visited 1 branch of the dungeon, and saw 1 of its levels.

You collected 5 gold pieces.

Inventory:

Hand Weapons
 e - a +0 dagger (weapon)
Armour
 a - a +0 robe (worn)
 c - a scarf of repulsion (worn)
Scrolls
 d - a scroll of noise {unknown}
 f - a scroll of fog {unknown}
 g - a scroll of enchant weapon {unknown}
Potions
 b - a potion of magic


   Skills:
 + Level 1.7 Dodging
 + Level 1.7 Stealth
 + Level 2.0 Spellcasting
 + Level 4.4 Necromancy


You had 3 spell levels left.
You knew the following spells:

 Your Spells              Type           Power      Damage    Failure   Level
a - Necrotize             Necr           60%        1d7       3%          1

Your spell library contained the following spells:

 Spells                   Type           Power      Damage    Failure   Level
 Vampiric Draining        Necr           15%        2d7       10%         3
 Animate Dead             Necr           15%        N/A       32%         4
 Agony                    Necr           15%        N/A       67%         5


Dungeon Overview and Level Annotations

Branches:
Dungeon (1/15)

Altars:


Message History

The hobgoblin attacks as you move away! The hobgoblin barely misses you.
The hobgoblin hits you but does no damage.
The hobgoblin attacks as you move away! The hobgoblin misses you.
The hobgoblin attacks as you move away! The hobgoblin misses you.
The hobgoblin attacks as you move away! The hobgoblin hits you.
* * * LOW HITPOINT WARNING * * *
Casting: Necrotize (safe; 3% risk of failure)
Confirm with . or Enter, or press ? or * to list all spells.
Aiming: Necrotize (safe; 3% risk of failure)
Press: ? - help, Shift-Dir - straight line, f - hobgoblin, p - kobold
Aim: a hobgoblin (chance to affect: 85%)
The hobgoblin writhes in agony.
The hobgoblin barely misses you.
You see here 5 stones.
The hobgoblin attacks as you move away! The hobgoblin barely misses you.
Casting: Necrotize (safe; 3% risk of failure)
Confirm with . or Enter, or press ? or * to list all spells.
Aiming: Necrotize (safe; 3% risk of failure)
Press: ? - help, Shift-Dir - straight line, f/p - hobgoblin
Aim: a hobgoblin (chance to affect: 85%)
The hobgoblin writhes in agony!
You kill the hobgoblin!
The dead are walking!
The kobold misses you.
Your hobgoblin skeleton hits the kobold but does no damage.
You hit the kobold.
The kobold is moderately wounded.
The kobold hits you with a +0 short sword.
* * * LOW HITPOINT WARNING * * *
You closely miss the kobold.
The kobold is moderately wounded.
Your hobgoblin skeleton closely misses the kobold.
The kobold hits you but does no damage.
You barely miss the kobold.
The kobold is moderately wounded.
The kobold closely misses you.
Your hobgoblin skeleton closely misses the kobold.
You hit the kobold but do no damage.
The kobold is moderately wounded.
The kobold hits you with a +0 short sword.
You die...

##....##........###......##
#....###...###...##.......#
#....##...###+#..###......#
#....##..##<.###..##.......
#....###..##.###..###......
##....##.....##...###......
##....#######....##.......
#......####....###.......
##....ZK@.....## #.......
####......#### #.......
######## #.....>..
#.?...... .........
.......... #########.. ..


You could see a kobold (ally target) and a friendly hobgoblin skeleton.

Vanquished Creatures
  A hobgoblin (D:1)
1 creature vanquished.

Notes
Turn   | Place    | Note
-------+----------+-------------------------------------------
     0 | D:1      | gobodom the Demonspawn Necromancer began the quest for the
                  | Orb.
     0 | D:1      | Reached XP level 1. HP: 13/13 MP: 3/3
   130 | D:1      | Slain by a kobold

Illustrated notes

Levels and vault maps discovered:
D:1:      dpeg_arrival_snail, layout_basic, basic_ecumenical_altar,
          chequers_serial_rivers_micro_e

Action                   || total
-------------------------++-------
Melee: Dagger            ||     7
 Cast: Necrotize         ||     6
Armor: Robe              ||     3
Dodge: Dodged            ||    13

Table legend: (Time is in decaauts)
 A = Elapsed time spent in this place.
 B = Non-inter-level travel time spent in this place.
 C = Inter-level travel time spent in this place.
 D = Time resting spent in this place.
 E = Time spent auto-exploring this place.
 F = Levels seen in this place.
 G = Mean time per level.
                   A        B        C        D        E       F      G
               +--------+--------+--------+--------+--------+-----+--------+
         Total |    129 |    129 |      0 |      0 |     47 |   1 |  129.0 |
       Dungeon |    129 |    129 |      0 |      0 |     47 |   1 |  129.0 |
               +--------+--------+--------+--------+--------+-----+--------+

Top non-repeatable levels by time:
     D:1: 129 daAuts
